 Dungeon Crawl Stone Soup version 0.31-a0-360-gb3e1d13bf4 (webtiles) character file.

Game seed: 10317727556244209912

689 ragingrage the Ruffian (level 7, -3/105 HPs)
             Began as a Troll Hedge Wizard on July 26, 2023.
             Was an Initiate of Ru.
             Slain by a killer bee (5 damage)
             ... on level 5 of the Dungeon.
             The game lasted 00:03:55 (3409 turns).

ragingrage the Ruffian (Troll Hedge Wizard)         Turns: 3409, Time: 00:03:55

Health: -3/105     AC: 23    Str: 18 (21) XL:     7   Next: 36%
Magic:  9/9        EV:  1    Int:  9 (10) God:    Ru [......]
Gold:   259        SH:  0    Dex:  7 (9)  Spells: 8/10 levels left

rFire   . .          .
                       - Unarmed
rCold   . . .        (no shield)
rNeg    . . .        b - melded +0 robe
rPois   +            c - melded +0 hat
rElec   .            v - melded +0 cloak
rCorr   .            (gloves unavailable)
SInv    .            (boots unavailable)
Will    .....        q - amulet of faith
Stlth   +            (no ring)
HPRegen 1.17/turn    (no ring)
MPRegen 0.11/turn

%: faith
@: lethally poisoned (-3 -> -15), tree-form
A: stationary, stasis, torment immunity, boosted hp, large, unfitting armour,
(claws 3), regeneration 1, (shaggy fur 1), (tough skin 1)
a: Renounce Religion


You were on level 5 of the Dungeon.
You worshipped Ru.
Ru was noncommittal.
You were a tree.
You visited 2 branches of the dungeon, and saw 7 of its levels.

You collected 259 gold pieces.

Inventory:

Missiles
 n - 7 poisoned darts
 s - 2 boomerangs
Armour
 b - a +0 robe (melded)
 c - a +0 hat (melded)
 j - a +2 kite shield
 u - an orb of guile
 v - a +0 cloak (melded)
Jewellery
 q - an amulet of faith (around neck)
 w - an amulet of reflection
Wands
 z - a wand of flame (22)
Scrolls
 a - 2 scrolls of revelation
 e - a scroll of identify {unknown}
 h - a scroll of teleportation
 k - a scroll of amnesia
 m - 2 scrolls of fog
 o - a scroll of enchant weapon {unknown}
 r - a scroll of butterflies {unknown}
 t - a scroll of enchant armour {unknown}
 x - a scroll of blinking {unknown}
 y - a scroll of poison {unknown}
Potions
 d - a potion of magic
 f - 4 potions of heal wounds
 g - 3 potions of degeneration
 i - a potion of lignification
 l - a potion of haste {unknown}
 p - 2 potions of cancellation {unknown}
 A - a potion of ambrosia {unknown}


   Skills:
 + Level 4.3 Fighting
 - Level 1.5 Dodging
 - Level 1.0 Stealth
 + Level 5.2 Unarmed Combat
 - Level 2.0 Spellcasting
 - Level 0.6 Conjurations
 - Level 0.6 Summonings
 - Level 2.0 Translocations


You had 8 spell levels left.
You knew the following spells:

 Your Spells              Type           Power      Damage    Failure   Level
b - Blink                 Tloc           8%         N/A       22%         2

Your spell library contained the following spells:

 Spells                   Type           Power      Damage    Failure   Level
 Lesser Beckoning         Tloc           8%         N/A       22%         2
 Magic Dart               Conj           4%         1d3       26%         1
 Momentum Strike          Conj/Tloc      6%         3d8       30%         2
 Slow                     Hex            0%         N/A       32%         1
 Call Imp                 Summ           2%         N/A       36%         2
 Cigotuvi's Dreadful Rot  Necr/Pois/Air  0%         N/A       45%         2
 Mephitic Cloud           Conj/Pois/Air  1%         N/A       67%         3
 Inner Flame              Hex/Fire       0%         N/A       69%         3
 Flame Wave               Conj/Fire      1%         2d4       96%         4
 Sticky Flame             Conj/Fire      1%         2d3       96%         4
 Malign Gateway           Summ/Tloc      1%         N/A       100%        7
 Summon Horrible Things   Summ           0%         N/A       100%        8


Dungeon Overview and Level Annotations

Branches:
Dungeon (6/15)             Temple (1/1) D:4

Altars:
Cheibriados
Elyvilon
Fedhas
Gozag
Hepliaklqana
Nemelex Xobeh
Okawaru
Qazlal
Ru
Sif Muna
Uskayaw
Vehumet
Wu Jian
Yredelemnul
Zin
The Shining One


Innate Abilities, Weirdness & Mutations

You are a tree.
Your roots penetrate the ground, keeping you stationary.
You cannot be teleported.
You are immune to unholy pain and torment.
Your maximum health is greatly increased.
Your equipment is partially melded.
You are too large for most types of armour.
((You have claws for hands.))
Your natural rate of healing is unusually fast.
((You are covered in fur. (AC +1)))
((You have tough skin. (AC +1)))


Message History

You are more poisoned.
The killer bee poisons you!
The killer bee stings you but does no damage.
The killer bee barely misses you. x2
The killer bee stings you but does no damage.
The killer bee stings you.
You are lethally poisoned!
The killer bee poisons you!
The killer bee stings you but does no damage.
The killer bee closely misses you. x2; The killer bee barely misses you.
It was a potion of degeneration.
There was something very wrong with that liquid.
You feel weakened.
You feel dopey.
You feel clumsy.
* * * LOW HITPOINT WARNING * * *
You feel extremely sick.
The killer bee stings you but does no damage. x2
The killer bee completely misses you. The killer bee stings you.
* * * LOW HITPOINT WARNING * * *
The killer bee stings you but does no damage.
The killer bee stings you.
* * * LOW HITPOINT WARNING * * *
The killer bee barely misses you. The killer bee closely misses you.
The killer bee stings you but does no damage.
The killer bee stings you.
* * * LOW HITPOINT WARNING * * *
The killer bee stings you.
* * * LOW HITPOINT WARNING * * *
The killer bee stings you.
* * * LOW HITPOINT WARNING * * *
Unknown command.
Unknown command.
It was a potion of lignification.
You turn into a tree.
Your +0 cloak melds into your body.
Your +0 hat melds into your body.
Your +0 robe melds into your body.
Your roots penetrate the ground.
* * * LOW HITPOINT WARNING * * *
You feel extremely sick. The killer bee completely misses you.
The killer bee stings you but does no damage.
The killer bee stings you.
You die...

### #.# #####.# ###
#.....########### #.######
#.###...........# #......# #.#
#.#####.....#
###..###.####[###y# #.....#
.........."..).y♣y#####....##
###......####.#yyy..)...##.#####
#...##..# #.#..######.##.....#
##.###.># #.#..# #.##.#####
#.....#####.#..# #.##.#
#####.#...###..# #....# #.#._.#
#..# ###### #.#...###..#
#.#'''#....#


You could see 6 killer bees.

Vanquished Creatures
  An ice beast (D:5)
  A centaur (D:5)
  A phantom (D:5)
  A scorpion (D:3)
  Crazy Yiuf (D:3)
  4 hounds
  A sleepcap (D:5)
  4 gnolls
  6 adders
  2 ufetubi (D:5)
  4 worms
  4 dart slugs
  14 orcs
  2 endoplasms
  2 giant cockroaches
  7 goblins
  8 hobgoblins
  4 jackals (D:3)
  3 quokkas
  7 ball pythons
  4 bats
  5 frilled lizards
  2 kobolds
  4 rats
92 creatures vanquished.

Notes
Turn   | Place    | Note
-------+----------+-------------------------------------------
     0 | D:1      | ragingrage the Troll Hedge Wizard began the quest for the
                  | Orb.
     0 | D:1      | Reached XP level 1. HP: 16/16 MP: 2/2
   352 | D:1      | Found a faded altar of an unknown god.
   578 | D:1      | Prayed at the altar of an unknown god.
   578 | D:1      | Became a worshipper of Fedhas Madash
   578 | D:1      | Reached * piety under Fedhas
   642 | D:2      | Reached skill level 1 in Unarmed Combat
   644 | D:2      | Reached XP level 2. HP: 20/26 MP: 4/4
   706 | D:2      | Reached skill level 1 in Fighting
   890 | D:2      | Reached XP level 3. HP: 33/33 MP: 5/5
   907 | D:2      | Reached skill level 2 in Unarmed Combat
  1293 | D:3      | Noticed a scorpion
  1298 | D:3      | Killed a scorpion
  1299 | D:3      | Reached XP level 4. HP: 44/44 MP: 6/6
  1368 | D:3      | Reached ** piety under Fedhas
  1486 | D:3      | Reached skill level 3 in Unarmed Combat
  1586 | D:3      | Found a runed translucent door.
  1587 | D:3      | Noticed Crazy Yiuf
  1606 | D:3      | Reached XP level 5. HP: 45/50 MP: 7/7
  1890 | D:3      | Learned a level 2 spell: Blink
  2055 | D:3      | Killed Crazy Yiuf
  2107 | D:4      | Reached skill level 1 in Translocations
  2175 | D:4      | Reached *** piety under Fedhas
  2457 | D:4      | Found a staircase to the Ecumenical Temple.
  2466 | Temple   | Entered the Ecumenical Temple
  2473 | Temple   | Fell from the grace of Fedhas
  2473 | Temple   | Became a worshipper of Ru the Awakened
  2597 | D:5      | Entered Level 5 of the Dungeon
  2599 | D:5      | Noticed an ice beast
  2662 | D:5      | Reached XP level 6. HP: 55/61 MP: 8/8
  2680 | D:5      | Noticed an ice beast
  2689 | D:5      | Killed an ice beast
  2690 | D:5      | Reached skill level 4 in Unarmed Combat
  3107 | D:5      | Found a glowing golden altar of the Shining One.
  3137 | D:5      | Reached XP level 7. HP: 68/68 MP: 9/9
  3159 | D:5      | Reached skill level 5 in Unarmed Combat
  3231 | D:5      | Found a radiant altar of Vehumet.
  3409 | D:5      | HP: 2/105 [poisoned by a killer bee]
  3409 | D:5      | Slain by a killer bee

Illustrated notes

Levels and vault maps discovered:
D:1:      giann_bridges, layout_basic, basic_ecumenical_altar, hex_large
D:2:      layout_loops_cross
D:3:      layout_loops_ring, uniq_crazy_yiuf_cottage
D:4:      layout_rooms, minmay_temple_entry_glassed_door
D:5:      layout_basic, mainiacjoe_overflow_big_doors
D:6:      layout_layer_cave
Temple:   nicolae_temple_superstar

Skill      XL: |  1  2  3  4  5  6  7 |
---------------+----------------------+-----
Unarmed Combat | 1 2 3 4 5 |  5.2
Fighting       | 1 2 3 4 |  4.3
Translocations | 1 2 |  2.0
Dodging        | |  1.5
Stealth        | |  1.0
Spellcasting   | |  2.0
Conjurations   | |  0.6
Summonings     | |  0.6

Action                     |  1- 3 |  4- 6 |  7- 9 || total
---------------------------+-------+-------+-------++-------
  Melee: Unarmed           |    58 |   165 |    33 ||   256
         Punch             |     2 |     3 |     1 ||     6
         Dagger            |     2 |       |       ||     2
    Use: Scroll            |       |     4 |       ||     4
         Potion            |       |       |     3 ||     3
   Stab: Sleeping          |       |     2 |       ||     2
 Armour: Robe              |    24 |    50 |    16 ||    90
         Skin              |       |       |     1 ||     1
  Dodge: Dodged            |    21 |    70 |    41 ||   132

Table legend: (Time is in decaauts)
 A = Elapsed time spent in this place.
 B = Non-inter-level travel time spent in this place.
 C = Inter-level travel time spent in this place.
 D = Time resting spent in this place.
 E = Time spent auto-exploring this place.
 F = Levels seen in this place.
 G = Mean time per level.
                   A        B        C        D        E       F      G
               +--------+--------+--------+--------+--------+-----+--------+
         Total |   3397 |   3053 |    344 |     62 |   2284 |   7 |  485.3 |
       Dungeon |   3382 |   3044 |    338 |     62 |   2284 |   6 |  563.7 |
        Temple |     14 |      8 |      6 |      0 |      0 |   1 |   14.0 |
               +--------+--------+--------+--------+--------+-----+--------+

Top non-repeatable levels by time:
     D:3: 807 daAuts
     D:2: 701 daAuts
     D:4: 642 daAuts
     D:5: 631 daAuts
     D:1: 588 daAuts
  Temple: 14 daAuts
     D:6: 11 daAuts
